 Dungeon Crawl Stone Soup version 0.27-a0-1555-g0e7b3fb1d2 (webtiles) character file.

Game seed: 16499374833026152354

25 Tocho the Firebug (level 2, -7/20 HPs)
             Began as a Draconian Fire Elementalist on July 14, 2021.
             Mangled by Natasha (8 damage)
             ... on level 2 of the Dungeon.
             The game lasted 00:01:43 (1314 turns).

Tocho the Firebug (Draconian Fire Elementalist)     Turns: 1314, Time: 00:01:44

Health: -7/20      AC:  4    Str: 10    XL:     2   Next: 86%
Magic:  4/5        EV: 12    Int: 15    God:
Gold:   72         SH:  0    Dex: 11    Spells: 5/6 levels left

rFire    . . .     SeeInvis .   a - +0 short sword
rCold    . . .     Faith    .   (no shield)
rNeg     . . .     Spirit   .   (armour unavailable)
rPois    .         Reflect  .   (helmet restricted)
rElec    .         Harm     .   (no cloak)
rCorr    .         Rampage  .   (no gloves)
Will     .....                  (no boots)
Stlth    ++........             (no amulet)
HPRegen  0.06/turn              (no ring)
MPRegen  0.09/turn              (no ring)

@: no status effects
A: AC +4, unfitting armour, cold-blooded
a: no special abilities


You were on level 2 of the Dungeon.
You visited 1 branch of the dungeon, and saw 2 of its levels.

You collected 72 gold pieces.

Inventory:

Hand Weapons
 a - a +0 short sword (weapon)
Scrolls
 b - a scroll of noise {unknown}
 c - a scroll of vulnerability {unknown}
 d - 2 scrolls of identify {unknown}
Potions
 e - a potion of curing {unknown}


   Skills:
 + Level 2.0 Dodging
 + Level 2.1 Stealth
 + Level 2.5 Spellcasting
 + Level 1.1 Conjurations
 + Level 3.3 Fire Magic


You had 5 spell levels left.
You knew the following spells:

 Your Spells              Type           Power      Damage    Failure   Level
a - Foxfire               Conj/Fire      32%        2x1d5     9%          1

Your spell library contained the following spells:

 Spells                   Type           Power      Damage    Failure   Level
 Conjure Flame            Conj/Fire      8%         6-21      26%         3
 Inner Flame              Hex/Fire       6%         N/A       32%         3
 Sticky Flame             Conj/Fire      8%         2d3       63%         4
 Fireball                 Conj/Fire      4%         3d4       93%         5


Dungeon Overview and Level Annotations

Branches:
Dungeon (2/15)

Altars:

Annotations:
D:2 Natasha


Innate Abilities, Weirdness & Mutations

Your plain brown scales are hard. (AC +4)
You cannot fit into any form of body armour.
You are cold-blooded and may be slowed by cold attacks.


Message History

Natasha stares at you and mumbles some strange words.
The magic dart hits you!
You miss Natasha.
Natasha is lightly wounded.
Natasha claws you. Natasha barely misses you.
You hit Natasha.
Natasha is moderately wounded.
Natasha casts a spell.
Natasha closely misses you.
You hit Natasha.
You tail-slap Natasha, but do no damage.
Natasha is severely wounded.
Natasha claws you.
You closely miss Natasha.
Your tail-slap misses Natasha.
Natasha is severely wounded.
Natasha barely misses you. Natasha claws you but does no damage.
You barely miss Natasha.
Natasha is severely wounded.
Natasha barely misses you.
The crimson imp blinks!
Unknown command.
You barely miss Natasha.
Natasha is severely wounded.
Natasha stares at you and mumbles some strange words.
The magic dart hits you.
* * * LOW HITPOINT WARNING * * *
Natasha claws you but does no damage.
You barely miss Natasha.
Natasha is severely wounded.
You feel yourself speed up. Natasha claws you.
* * * LOW HITPOINT WARNING * * *
Natasha casts a spell.
You hit Natasha.
Natasha is almost dead.
Natasha stares at you and mumbles some strange words.
You resist with significant effort.
You closely miss Natasha.
Natasha is almost dead.
Natasha claws you!
You die...

#...........##....
#.#########.##.###
#.# #.##.# #.#
#######.#..# #.#
#....†.....# #.#
#.#####.#..### #.#
###..... #.#
#...###. #@#
##.### #. #h#
##..#####. #5#
#.....†).. #5#
##..###### #.#
#..# #$# #..# #.#
#..# #.. ...#
###.#


You could see an iron imp (summoned), Natasha and a crimson imp (summoned).

Vanquished Creatures
  A dart slug (D:1)
  A ball python (D:2)
  3 bats (D:1)
  An endoplasm (D:1)
  2 goblins
  2 hobgoblins (D:1)
  4 jackals (D:1)
  A kobold (D:1)
  A quokka (D:2)
  A frilled lizard (D:1)
  3 rats
20 creatures vanquished.

Vanquished Creatures (others)
  58 foxfires
58 creatures vanquished.

Grand Total: 78 creatures vanquished

Notes
Turn   | Place    | Note
-------+----------+-------------------------------------------
     0 | D:1      | Tocho the Draconian Fire Elementalist began the quest for
                  | the Orb.
     0 | D:1      | Reached XP level 1. HP: 14/14 MP: 3/3
   354 | D:1      | Reached XP level 2. HP: 20/20 MP: 0/5
  1300 | D:2      | Noticed Natasha
  1308 | D:2      | Noticed a crimson imp
  1312 | D:2      | HP: 1/20 [Natasha (4)]
  1314 | D:2      | Mangled by Natasha

Illustrated notes

Levels and vault maps discovered:
D:1:      nzn_arrival_depleted_hourglass, layout_rooms, minmay_misc_feat_doors,
          chequers_serial_rivers_micro_d, minmay_misc_feat_diagonals
D:2:      minmay_angry_zag, layout_loops_ring, uniq_natasha

Skill      XL: |  1  2 |
---------------+-------+-----
Stealth        | 2 |  2.1
Dodging        | 2 |  2.0
Spellcasting   | |  2.5
Conjurations   | |  1.1
Fire Magic     | |  3.3

Action                   || total
-------------------------++-------
Melee: Short sword       ||    43
       Unarmed           ||     4
       Tailslap          ||     3
 Cast: Foxfire           ||    35
Armor: Skin              ||    12
Dodge: Dodged            ||    34

Table legend: (Time is in decaauts)
 A = Elapsed time spent in this place.
 B = Non-inter-level travel time spent in this place.
 C = Inter-level travel time spent in this place.
 D = Time resting spent in this place.
 E = Time spent auto-exploring this place.
 F = Levels seen in this place.
 G = Mean time per level.
                   A        B        C        D        E       F      G
               +--------+--------+--------+--------+--------+-----+--------+
         Total |   1326 |   1305 |     21 |      0 |   1116 |   2 |  663.0 |
       Dungeon |   1326 |   1305 |     21 |      0 |   1116 |   2 |  663.0 |
               +--------+--------+--------+--------+--------+-----+--------+

Top non-repeatable levels by time:
     D:1: 1191 daAuts
     D:2: 135 daAuts
